[Event "Titled Tuesday Blitz October 31 Late 2023"]
[White "Bazzano, Sebastian"]
[Black "Martin Carmona, Gaston Manuel"]
[WhiteFideId "104566"]
[BlackFideId "22284567"]
[WhiteElo "2285"]
[BlackElo "2532"]
[Result "0-1"]
[Round "11"]
[TimeControl "180+1"]
[Date "2023.10.31"]
[WhiteClock "0:00:00"]
[BlackClock "0:00:46"]
[Board "78"]

1. d4 Nf6 2. Bf4 d5 3. e3 c5 4. c3 cxd4 5. exd4 Nc6 6. Nd2 Bg4 7. Qb3 Qc8 8. Ngf3 e6 9. Ne5 Nxe5 10. Bxe5 Be7 11. Bb5+ Kf8 12. h3 Bf5 13. O-O a6 14. Be2 h6 15. Nf3 Ne4 16. Rad1 f6 17. Bh2 Kf7 18. Nd2 Bd6 19. Nxe4 Bxh2+ 20. Kxh2 Bxe4 21. Bd3 Qc7+ 22. Kg1 Bxd3 23. Rxd3 Rhe8 24. Re3 b5 25. Qc2 Rad8 26. Rfe1 Qd6 27. Rg3 f5 28. Rge3 Rc8 29. Qe2 Rc6 30. Qh5+ Kf8 31. Qg6 Qd7 32. g4 fxg4 33. hxg4 Kg8 34. g5 Qf7 35. Qxf7+ Kxf7 36. Rf3+ Kg6 37. gxh6 gxh6 38. Rg3+ Kf6 39. Rf3+ Ke7 40. Rh3 Rg8+ 41. Kf1 Rg6 42. Re5 b4 43. cxb4 Rc1+ 44. Re1 Rc2 45. Re2 Rc1+ 46. Re1 Rc2 47. Re2 Rg1+ 48. Kxg1 Rxe2 49. Ra3 Rxb2 50. Rxa6 Rxb4 51. Ra7+ Kd6 52. Rh7 Rxd4 53. Rxh6 Ra4 54. Kg2 Rxa2 55. Kf3 Ra3+ 56. Ke2 d4 57. f4 Re3+ 58. Kd2 Rf3 59. Rf6 Kd5 60. Rf8 Ke4 61. Rf6 Rf2+ 62. Ke1 Rxf4 63. Rxe6+ Kd3 64. Kd1 Rf1+ 65. Re1 Rxe1+ 66. Kxe1 Kc2 0-1


[Site "https://www.chess.com"]

[Event "Titled Tuesday Blitz October 31 Late 2023"]
[White "Chocenka, Dmitrijus"]
[Black "Slavin, Alexey"]
[WhiteFideId "12802336"]
[BlackFideId "24104388"]
[WhiteElo "2479"]
[BlackElo "2274"]
[Result "0-1"]
[Round "11"]
[TimeControl "180+1"]
[Date "2023.10.31"]
[WhiteClock "0:00:27"]
[BlackClock "0:01:11"]
[Board "79"]

1. e4 Nc6 2. d4 d6 3. Nf3 Nf6 4. Bd3 Bg4 5. c3 e5 6. d5 Ne7 7. h3 Bd7 8. c4 Ng6 9. Nc3 Be7 10. Be3 O-O 11. Rc1 a6 12. O-O h6 13. b4 Nh5 14. Re1 Nhf4 15. Bf1 f5 16. c5 a5 17. a3 axb4 18. axb4 Ra3 19. Nd2 Nxh3+ 20. gxh3 f4 21. Qh5 fxe3 22. fxe3 Nh4 23. Re2 Bg5 24. Ree1 Qf6 25. Qe2 Qg6 26. Kh1 Bxe3 27. Rc2 Qg1# 0-1


[Site "https://www.chess.com"]

[Event "Titled Tuesday Blitz October 31 Late 2023"]
[White "Quirke, Jeffrey"]
[Black "Su, Dion"]
[WhiteFideId "2013029"]
[BlackFideId "2029731"]
[WhiteElo "2250"]
[BlackElo "2409"]
[Result "1-0"]
[Round "11"]
[TimeControl "180+1"]
[Date "2023.10.31"]
[WhiteClock "0:00:06"]
[BlackClock "0:01:10"]
[Board "81"]

1. e4 e6 2. Nf3 c5 3. c3 d5 4. exd5 Qxd5 5. d4 Nc6 6. Be3 Nf6 7. dxc5 Qxd1+ 8. Kxd1 Ng4 9. b4 Bd7 10. Nbd2 O-O-O 11. Be2 Nxe3+ 12. fxe3 Be7 13. Kc2 f5 14. Bc4 Bf6 15. Rad1 Rhe8 16. Rhe1 e5 17. e4 g6 18. Bd5 f4 19. Nc4 Re7 20. b5 Nb8 21. Nd6+ Kc7 22. Nxb7 Rc8 23. c6 Bg4 24. Nc5 Kb6 25. Nd3 Kxb5 26. Rb1+ Ka5 27. c4 Nxc6 28. Rb5+ Ka4 29. Nc5+ Ka3 30. Rb3+ Kxa2 31. Reb1 Nd4+ 32. Nxd4 Rxc5 33. R1b2+ Ka1 34. Ra3# 1-0


[Site "https://www.chess.com"]

[Event "Titled Tuesday Blitz October 31 Late 2023"]
[White "Clawitter, Craig"]
[Black "Gerbelli Neto, Eduardo"]
[WhiteFideId "2023105"]
[BlackFideId "2103281"]
[WhiteElo "2243"]
[BlackElo "2402"]
[Result "1-0"]
[Round "11"]
[TimeControl "180+1"]
[Date "2023.10.31"]
[WhiteClock "0:00:19"]
[BlackClock "0:00:28"]
[Board "82"]

1. e4 e5 2. Nf3 Nc6 3. Bc4 Nf6 4. d3 Bc5 5. O-O d6 6. c3 a5 7. Nbd2 O-O 8. h3 a4 9. a3 Bd7 10. Ba2 h6 11. Nc4 b5 12. Ne3 Ne7 13. d4 exd4 14. cxd4 Bb6 15. e5 Nh7 16. exd6 cxd6 17. Nd5 Nxd5 18. Bxd5 Rc8 19. Bf4 Bc6 20. Bxc6 Rxc6 21. Qd3 Rc4 22. Rac1 d5 23. Be3 Nf6 24. Ne5 Rxc1 25. Rxc1 Qe8 26. Nc6 Qe4 27. Qxb5 Bc7 28. Qxa4 Nh5 29. Qc2 Qe6 30. Ne7+ Qxe7 31. Qxc7 Qe4 32. Qe5 Qxe5 33. dxe5 Re8 34. g4 d4 35. Bd2 Rxe5 36. gxh5 Re2 37. Rd1 d3 38. Kf1 Re5 39. Bc3 Rxh5 40. Rxd3 1-0


[Site "https://www.chess.com"]

[Event "Titled Tuesday Blitz October 31 Late 2023"]
[White "Broca Jimenez, Fernando"]
[Black "Curtis, John"]
[WhiteFideId "5104742"]
[BlackFideId "3200256"]
[WhiteElo "2262"]
[BlackElo "2185"]
[Result "0-1"]
[Round "11"]
[TimeControl "180+1"]
[Date "2023.10.31"]
[WhiteClock "0:00:16"]
[BlackClock "0:00:40"]
[Board "83"]

1. e4 e5 2. Nf3 Nc6 3. Bb5 Nge7 4. O-O Ng6 5. d4 Nxd4 6. Nxd4 exd4 7. Qxd4 c6 8. Bd3 Qb6 9. Qxb6 axb6 10. Nc3 b5 11. Be3 b4 12. Ne2 Ne5 13. Rfd1 Ng4 14. Bf4 f6 15. c3 bxc3 16. Nxc3 b5 17. h3 Ne5 18. Bc2 Bb4 19. Ne2 Ke7 20. a3 Ba5 21. Nd4 g6 22. Bb3 Bc7 23. Be3 Nc4 24. Bxc4 bxc4 25. Rac1 Ba6 26. Nc2 d6 27. Nd4 Kd7 28. Ne2 Rab8 29. Bd4 Rhf8 30. f3 c3 31. Bxc3 Bxe2 32. Rd2 Bc4 33. Bxf6 Rxf6 34. Rxc4 Rb3 35. Rdc2 Rb6 36. b4 Bd8 37. Rd2 Be7 38. Kf2 Kc7 39. Ke2 Rf8 40. Rdc2 Ra8 41. R2c3 Kd7 42. f4 c5 43. bxc5 dxc5 44. Rd3+ Ke6 45. Ke3 h5 46. g4 hxg4 47. hxg4 Bf6 48. f5+ Ke7 49. Rxc5 gxf5 50. gxf5 Rd8 51. Rc7+ Ke8 52. e5 Rxd3+ 53. Kxd3 Bxe5 54. Kc4 Bxc7 55. f6 Rxf6 56. a4 Kd7 57. a5 Ra6 58. Kd4 Rxa5 59. Kd3 Kd6 60. Kc4 Kc6 61. Kc3 Be5+ 62. Kd3 Kd5 63. Kc2 Ra3 64. Kb1 Rh3 65. Kc2 Kc4 66. Kd2 Bd4 67. Ke2 Re3+ 68. Kf2 Kd3 69. Kg2 Ke2 70. Kg1 Kf3 71. Kh2 Kg4 72. Kg2 Re2+ 73. Kf1 Ra2 74. Ke1 Be3 75. Kd1 Kf3 76. Ke1 Ra1# 0-1


[Site "https://www.chess.com"]

[Event "Titled Tuesday Blitz October 31 Late 2023"]
[White "Harriott, Tyrell"]
[Black "hristos03"]
[WhiteFideId "2086484"]
[WhiteElo "2316"]
[BlackElo "2421"]
[Result "0-1"]
[Round "11"]
[TimeControl "180+1"]
[Date "2023.10.31"]
[WhiteClock "0:00:15"]
[BlackClock "0:00:41"]
[Board "84"]

1. d4 Nf6 2. e3 c5 3. f4 cxd4 4. exd4 d5 5. Bd3 Nc6 6. c3 g6 7. Nf3 Bg7 8. O-O O-O 9. Nbd2 Bf5 10. Bxf5 gxf5 11. b3 e6 12. Ba3 Re8 13. Ne5 Ne4 14. Nxe4 dxe4 15. Qh5 Qf6 16. Rad1 Rad8 17. Kh1 Nxe5 18. fxe5 Qg6 19. Qh4 Qh6 20. Qg3 Qg6 21. Qh3 Qh6 22. Qg3 Kh8 23. Bd6 Rg8 24. Qf2 Bf8 25. Bxf8 Rgxf8 26. c4 Qg7 27. Qf4 f6 28. exf6 Qxf6 29. Rfe1 Rxd4 30. Qc7 Rxd1 31. Rxd1 e3 32. Qa5 f4 33. Rf1 e2 34. Re1 f3 35. gxf3 Qxf3+ 0-1


[Site "https://www.chess.com"]

[Event "Titled Tuesday Blitz October 31 Late 2023"]
[White "Wanyama, Harold"]
[Black "Vifleemskaia, Svetlana"]
[WhiteFideId "10000380"]
[BlackFideId "4129490"]
[WhiteElo "2420"]
[BlackElo "2289"]
[Result "1-0"]
[Round "11"]
[TimeControl "180+1"]
[Date "2023.10.31"]
[WhiteClock "0:01:26"]
[BlackClock "0:00:00"]
[Board "85"]

1. d4 Nf6 2. c4 e6 3. g3 Bb4+ 4. Bd2 Qe7 5. Bg2 Nc6 6. Nf3 O-O 7. O-O Bxd2 8. Nbxd2 a5 9. e4 d6 10. e5 Nd7 11. Re1 dxe5 12. dxe5 Nc5 13. Qc2 Nb4 14. Qc3 Rd8 15. Re3 h6 16. b3 f5 17. a3 Nc6 18. Rae1 Na6 19. Nb1 Bd7 20. h4 Be8 21. Rd3 Rxd3 22. Qxd3 Rd8 23. Qe3 Nc5 24. Bf1 Bh5 25. Nbd2 Na6 26. Ra1 Qd7 27. Be2 b6 28. Qc3 Nd4 29. Nxd4 Qxd4 30. Qxd4 Rxd4 31. Bxh5 Rxd2 32. b4 Kf8 33. bxa5 bxa5 34. Rb1 Ke7 35. Rb7 Ra2 36. Ra7 Nc5 37. Rxc7+ Nd7 38. Rc8 1-0


[Site "https://www.chess.com"]

[Event "Titled Tuesday Blitz October 31 Late 2023"]
[White "Guha, Eshan"]
[Black "Sramek, Vojtech"]
[WhiteFideId "30958628"]
[BlackFideId "358681"]
[WhiteElo "2353"]
[BlackElo "2290"]
[Result "0-1"]
[Round "11"]
[TimeControl "180+1"]
[Date "2023.10.31"]
[WhiteClock "0:00:00"]
[BlackClock "0:00:16"]
[Board "86"]

1. b3 e5 2. Bb2 Nc6 3. e3 Nf6 4. Bb5 Bd6 5. Na3 e4 6. Nc4 Be7 7. Bxc6 bxc6 8. Ne2 O-O 9. O-O Re8 10. Ne5 Ba3 11. Nxf7 Kxf7 12. Bxa3 d5 13. Nd4 Qd7 14. f3 Kg8 15. fxe4 dxe4 16. Bb2 Qd5 17. Qe1 c5 18. Ne2 Rf8 19. Qg3 Kh8 20. Nc3 Qxd2 21. Nxe4 Qxc2 22. Bxf6 gxf6 23. Nxf6 Ba6 24. Rf2 Qc3 25. Rd1 Rxf6 26. Qxc7 Rxf2 27. Rd8+ Rf8 28. Rd2 Qa1+ 0-1


[Site "https://www.chess.com"]

[Event "Titled Tuesday Blitz October 31 Late 2023"]
[White "Alfaro, William"]
[Black "Do Nascimento,Christian Almeida"]
[WhiteFideId "6100457"]
[BlackFideId "2143801"]
[WhiteElo "2214"]
[BlackElo "2544"]
[Result "1-0"]
[Round "11"]
[TimeControl "180+1"]
[Date "2023.10.31"]
[WhiteClock "0:01:46"]
[BlackClock "0:01:50"]
[Board "87"]

1. e4 c5 2. g3 Nc6 3. Bg2 Nf6 4. Ne2 d6 5. O-O Bd7 6. c3 Qc8 7. d4 cxd4 8. cxd4 Bh3 9. Nbc3 Bxg2 10. Kxg2 h5 11. h4 g6 12. Bg5 Bg7 13. Nd5 O-O 14. Nec3 Re8 15. Bxf6 exf6 16. Qf3 Qe6 17. Nc7 Qd7 18. Nxa8 Rxa8 19. Nd5 Qe6 20. Nc7 Qc8 21. Nxa8 Qxa8 22. Qd3 Qc8 23. Rac1 Qd7 24. Qb5 Kh7 25. d5 Ne5 26. Qxd7 Nxd7 27. Rc7 Nc5 28. Rxf7 Kg8 29. Rc7 Bh6 30. b4 1-0


[Site "https://www.chess.com"]

[Event "Titled Tuesday Blitz October 31 Late 2023"]
[White "Acikel, Mert"]
[Black "Novikova, Galina"]
[WhiteFideId "12956465"]
[BlackFideId "4157095"]
[WhiteElo "2300"]
[BlackElo "2384"]
[Result "0-1"]
[Round "11"]
[TimeControl "180+1"]
[Date "2023.10.31"]
[WhiteClock "0:00:14"]
[BlackClock "0:01:47"]
[Board "88"]

1. e4 e6 2. d3 d5 3. Qe2 Nf6 4. Nf3 b6 5. e5 Nfd7 6. g3 c5 7. Bg2 Nc6 8. c4 Nb4 9. a3 Na6 10. cxd5 exd5 11. e6 fxe6 12. Ng5 Qe7 13. Nxe6 Nf6 14. Nxf8 Qxe2+ 15. Kxe2 Kxf8 16. Bg5 Kf7 17. Bxf6 Re8+ 18. Kd2 Kxf6 19. Bxd5 Rb8 20. Nc3 Nc7 21. Bc6 Rd8 22. Rae1 Bf5 23. Be4 g6 24. Bxf5 gxf5 25. f4 b5 26. Re5 b4 27. axb4 cxb4 28. Na4 Ne6 29. Rhe1 Nd4 30. R1e3 Rbc8 31. Nc5 Rxc5 32. Rxc5 Nb3+ 33. Ke2 Nxc5 34. h3 Ne6 35. Re5 Rc8 36. Kd2 Rc7 37. Rb5 Rg7 38. Rxb4 Rxg3 39. Rb7 h5 40. Rxa7 Rxh3 41. b4 Nxf4 42. Rd7 h4 43. b5 Rh2+ 44. Kc3 Ne2+ 45. Kb3 Nc1+ 46. Kc3 Ne2+ 47. Kb3 Ke6 48. Rd8 Nd4+ 49. Rxd4 h3 50. b6 Rh1 51. Kb2 h2 52. Rh4 Kd6 53. b7 Kc7 54. Rh7+ Kb8 55. Kc3 Rc1+ 56. Kd4 h1=Q 57. Rxh1 Rxh1 58. Ke5 Rd1 59. Kd4 f4 60. Ke4 f3 61. Kxf3 Rxd3+ 62. Ke4 Rb3 0-1


[Site "https://www.chess.com"]

[Event "Titled Tuesday Blitz October 31 Late 2023"]
[White "LuxLinster"]
[Black "nicholas_ilic"]
[WhiteElo "2268"]
[BlackElo "2370"]
[Result "0-1"]
[Round "11"]
[TimeControl "180+1"]
[Date "2023.10.31"]
[WhiteClock "0:00:00"]
[BlackClock "0:00:03"]
[Board "89"]

1. d4 c5 2. d5 e6 3. Nc3 exd5 4. Nxd5 d6 5. e4 Nf6 6. Bg5 Be7 7. Bxf6 Bxf6 8. c3 O-O 9. Nf3 Be6 10. Nxf6+ gxf6 11. Be2 Nc6 12. O-O Qe7 13. Qd2 Kh8 14. Rad1 Rad8 15. Rfe1 Ne5 16. Qf4 Ng6 17. Qh6 Rg8 18. Bf1 Ne5 19. Nh4 Rg4 20. Kh1 Rdg8 21. Nf5 Bxf5 22. exf5 Qd8 23. Qd2 Qf8 24. Qxd6 Qg7 25. g3 Qh6 26. Rxe5 Rh4 27. gxh4 Qg7 28. Bh3 fxe5 29. Qd5 f6 30. Qf3 Qf7 31. Rg1 Rxg1+ 32. Kxg1 Qd7 33. Bf1 a6 34. Bc4 Kg7 35. Be6 Qd2 36. Qg4+ Kh6 37. Kg2 Qxb2 0-1


[Site "https://www.chess.com"]

[Event "Titled Tuesday Blitz October 31 Late 2023"]
[White "Bogaudinov, Rushan"]
[Black "Lock, Gavin R"]
[WhiteFideId "4129288"]
[BlackFideId "408646"]
[WhiteElo "2348"]
[BlackElo "2248"]
[Result "1-0"]
[Round "11"]
[TimeControl "180+1"]
[Date "2023.10.31"]
[WhiteClock "0:02:19"]
[BlackClock "0:00:00"]
[Board "90"]

1. a4 d5 2. a5 e5 3. h4 h5 4. d3 Nf6 5. Bg5 Be7 6. Nf3 Nc6 7. a6 bxa6 8. e3 Rb8 9. b3 O-O 10. Nbd2 e4 11. Nd4 Nxd4 12. exd4 Re8 13. dxe4 Nxe4 14. Nxe4 Bxg5 15. hxg5 Rxe4+ 16. Be2 Qxg5 17. Kf1 g6 18. Bf3 Re7 19. g3 Rb6 20. Rh4 Kg7 21. Qc1 Qxc1+ 22. Rxc1 Be6 23. Kg2 Rb4 24. Ra1 Rb6 25. Be2 Rd7 26. Bxa6 Rdd6 27. Bd3 Rb7 28. Rhh1 1-0


[Site "https://www.chess.com"]

[Event "Titled Tuesday Blitz October 31 Late 2023"]
[White "Modric, Nesa"]
[Black "Rose, Felix"]
[WhiteFideId "922579"]
[BlackFideId "5105722"]
[WhiteElo "2237"]
[BlackElo "2333"]
[Result "0-1"]
[Round "11"]
[TimeControl "180+1"]
[Date "2023.10.31"]
[WhiteClock "0:00:00"]
[BlackClock "0:00:51"]
[Board "91"]

1. e4 e5 2. Nf3 Nc6 3. Bc4 Bc5 4. O-O Nf6 5. d3 O-O 6. h3 d6 7. c3 a5 8. Re1 h6 9. d4 Ba7 10. Bb3 Re8 11. Bc2 Bd7 12. Be3 exd4 13. Bxd4 Nxd4 14. Nxd4 c5 15. Nf5 d5 16. Nd6 Re6 17. e5 Ne8 18. Nxb7 Qb6 19. Nd6 Nxd6 20. exd6 Rxe1+ 21. Qxe1 Qxd6 22. Nd2 Re8 23. Qd1 Bb8 24. Nf3 Bc6 25. Qd3 g6 26. g3 Qe6 27. Kh2 Bd7 0-1


[Site "https://www.chess.com"]

[Event "Titled Tuesday Blitz October 31 Late 2023"]
[White "Padalka, Artem"]
[Black "Sarkar, Justin"]
[WhiteFideId "14118637"]
[BlackFideId "2010011"]
[WhiteElo "2324"]
[BlackElo "2217"]
[Result "0-1"]
[Round "11"]
[TimeControl "180+1"]
[Date "2023.10.31"]
[WhiteClock "0:00:49"]
[BlackClock "0:00:06"]
[Board "92"]

1. e4 c5 2. Nf3 e6 3. c3 d5 4. exd5 exd5 5. d4 Nc6 6. Bb5 Bd6 7. dxc5 Bxc5 8. O-O Ne7 9. Bg5 h6 10. Bh4 O-O 11. Nbd2 Qb6 12. a4 Nf5 13. b4 Nxh4 14. Nxh4 Be7 15. Nhf3 Bf6 16. Rc1 Bf5 17. Nb3 Rad8 18. h3 d4 19. Bxc6 dxc3 20. Bd5 Be6 21. b5 Bxd5 22. Qc2 Bxf3 23. gxf3 Rd5 24. Qe4 Qd6 25. Rc2 Rd8 26. f4 Rd1 27. Rc1 Rxf1+ 28. Kxf1 Qa3 29. Qc2 Qb2 30. Qxb2 cxb2 31. Rb1 Rd3 32. Nc5 Rc3 33. Rxb2 Rc1+ 34. Kg2 Bxb2 35. Nd3 Rb1 36. Kf3 Bc3 37. Ke4 Ra1 38. Nc5 Ra3 39. Nd7 Bb4 40. Kd5 Rxa4 41. Ne5 a6 42. b6 Ba5 43. Kc5 Bxb6+ 44. Kxb6 Rxf4 45. Kxb7 Rxf2 46. Kxa6 Rh2 47. Kb6 Rxh3 48. Kc5 Rg3 49. Kd6 h5 50. Kd5 h4 51. Nc6 h3 52. Ne7+ Kh7 53. Nf5 Rg2 54. Ne3 h2 55. Nxg2 h1=Q 56. Ke5 Qxg2 0-1


[Site "https://www.chess.com"]

[Event "Titled Tuesday Blitz October 31 Late 2023"]
[White "Adel, Sara"]
[Black "Minina, Veronika"]
[WhiteFideId "10616764"]
[BlackFideId "4174780"]
[WhiteElo "2201"]
[BlackElo "2318"]
[Result "0-1"]
[Round "11"]
[TimeControl "180+1"]
[Date "2023.10.31"]
[WhiteClock "0:00:15"]
[BlackClock "0:00:33"]
[Board "93"]

1. e4 c5 2. Nf3 Nc6 3. d4 cxd4 4. Nxd4 g6 5. Nc3 Bg7 6. Be3 Nf6 7. f3 O-O 8. Qd2 d6 9. O-O-O Nxd4 10. Bxd4 Bd7 11. g4 b5 12. Bd3 b4 13. Ne2 a5 14. h4 a4 15. h5 b3 16. a3 bxc2 17. Rdg1 e5 18. Bc3 Be6 19. hxg6 fxg6 20. Ng3 d5 21. g5 Ne8 22. Qh2 d4 23. Qxh7+ Kf7 24. Rh6 Qxg5+ 25. Bd2 Qxh6 26. Bxh6 Rh8 27. Qxg6+ Kxg6 28. Nf5+ Kf6 29. Bxg7+ Nxg7 30. f4 Nxf5 31. fxe5+ Kxe5 32. exf5 Bxf5 33. Re1+ Kf6 34. Rf1 Rh5 0-1


[Site "https://www.chess.com"]

[Event "Titled Tuesday Blitz October 31 Late 2023"]
[White "Skaric, Djuro"]
[Black "Wisniowski, Natalie"]
[WhiteFideId "934569"]
[BlackFideId "30929261"]
[WhiteElo "2302"]
[BlackElo "2176"]
[Result "1-0"]
[Round "11"]
[TimeControl "180+1"]
[Date "2023.10.31"]
[WhiteClock "0:02:18"]
[BlackClock "0:02:04"]
[Board "94"]

1. g3 Nf6 2. Bg2 g6 3. d3 Bg7 4. Nc3 O-O 5. e4 e5 6. f4 exf4 7. gxf4 d6 8. Nf3 Bg4 9. O-O Nbd7 10. h3 Bxf3 11. Qxf3 c6 12. Be3 Nb6 13. Rf2 d5 14. e5 Nfd7 15. Ne2 c5 16. Kh1 d4 17. Bd2 Qc7 18. b3 a5 19. a4 Rfe8 20. Ng3 Nf8 21. Rg1 Ne6 22. Qxb7 Qxb7 23. Bxb7 Rab8 24. Be4 Bh6 25. f5 Bxd2 26. fxe6 Rxe6 27. Rxd2 Rxe5 28. Rf2 Rbe8 29. h4 Nd7 30. h5 Nf8 31. hxg6 hxg6 32. Nf5 Ne6 33. Nh6+ Kg7 34. Rxf7+ Kxh6 35. Rxg6+ Kh5 36. Rh7# 1-0


[Site "https://www.chess.com"]

[Event "Titled Tuesday Blitz October 31 Late 2023"]
[White "Sari, Yasin"]
[Black "Elbebiber"]
[WhiteFideId "6320902"]
[WhiteElo "2301"]
[BlackElo "2170"]
[Result "1/2-1/2"]
[Round "11"]
[TimeControl "180+1"]
[Date "2023.10.31"]
[WhiteClock "0:00:12"]
[BlackClock "0:00:15"]
[Board "95"]

1. Nf3 d5 2. c4 e6 3. g3 Nf6 4. Bg2 Be7 5. O-O O-O 6. b3 c5 7. Bb2 Nc6 8. e3 Qc7 9. cxd5 exd5 10. d4 cxd4 11. Nxd4 Rd8 12. Nd2 Bg4 13. Qc2 Rac8 14. Rac1 Qd7 15. Qb1 a6 16. Nxc6 Rxc6 17. Bd4 Bf5 18. Qb2 Rdc8 19. Nf3 Be4 20. Ne5 Qe6 21. Nxc6 bxc6 22. Bc5 Bd8 23. Qd4 Bg6 24. Bb6 Be7 25. Bc5 Bd8 26. b4 Ne4 27. f3 Bf6 28. Qd1 Nc3 29. Qe1 Nb5 30. a4 Nc7 31. Bd4 Be7 32. Qc3 f6 33. Qxc6 Bd6 34. Rfe1 Be8 35. Qc3 Bd7 36. Qd2 Bxa4 37. Rc3 Nb5 38. Rec1 Nxc3 39. Rxc3 Rxc3 40. Qxc3 Qd7 41. Bf1 Bb5 42. Bd3 Bxd3 43. Qxd3 Qc6 44. Qc3 Qxc3 45. Bxc3 Kf7 46. Kf2 Ke6 47. Ke2 g6 48. Kd3 f5 49. Bd2 Be5 50. Kc2 Kd6 51. Kb3 Kc6 52. Ka4 Kb7 53. b5 d4 54. exd4 Bxd4 55. g4 fxg4 56. fxg4 h5 57. gxh5 gxh5 58. h3 Bf2 59. Ka5 axb5 60. Kxb5 Kc7 61. Kc4 Kd7 62. Kd5 Ke7 63. Ke5 h4 64. Kf5 Kf7 65. Kg4 Kg6 66. Kf3 Bd4 67. Bf4 Bf6 68. Kg4 Be7 69. Be5 Bd8 70. Bd6 Bf6 71. Bc5 Bd8 72. Bf2 Bc7 73. Bxh4 Bb6 74. Bg3 Kh7 75. Bh4 Bc7 76. Bg5 Bb6 77. h4 Ba5 78. h5 Bb6 79. Kf5 Bc5 80. Kf6 Bb4 81. Kf7 Bc3 82. Be3 Bb4 83. Ke6 Ba3 84. Kf7 Bb4 85. Bc5 Bxc5 86. h6 Bb4 87. Kf6 Ba3 88. Kf7 Bb2 89. Ke6 Bc1 90. Kf7 Bb2 91. Ke6 Kxh6 1/2-1/2


[Site "https://www.chess.com"]

[Event "Titled Tuesday Blitz October 31 Late 2023"]
[White "pinguino120"]
[Black "Baghdasaryan, Vahe"]
[BlackFideId "13303139"]
[WhiteElo "2233"]
[BlackElo "2349"]
[Result "0-1"]
[Round "11"]
[TimeControl "180+1"]
[Date "2023.10.31"]
[WhiteClock "0:00:42"]
[BlackClock "0:00:32"]
[Board "96"]

1. e4 e5 2. Nc3 Nf6 3. g3 Bc5 4. Bg2 d6 5. Nge2 h5 6. h3 Nc6 7. d3 Be6 8. Bg5 Qd7 9. Qd2 O-O-O 10. Na4 Kb8 11. Nxc5 dxc5 12. O-O-O Nd4 13. Kb1 Qa4 14. Nc3 Qa5 15. f4 exf4 16. gxf4 Rd6 17. e5 Rb6 18. exf6 Qa3 19. b3 Bxb3 20. cxb3 Nxb3 21. axb3 Rxb3+ 22. Kc2 Qb2# 0-1


[Site "https://www.chess.com"]

[Event "Titled Tuesday Blitz October 31 Late 2023"]
[White "Romero Ruscalleda, Josep"]
[Black "Mariia89"]
[WhiteFideId "2231859"]
[WhiteElo "2293"]
[BlackElo "2180"]
[Result "1-0"]
[Round "11"]
[TimeControl "180+1"]
[Date "2023.10.31"]
[WhiteClock "0:01:01"]
[BlackClock "0:00:00"]
[Board "97"]

1. e4 c6 2. Nc3 d5 3. Nf3 dxe4 4. Nxe4 Nf6 5. Qe2 Nxe4 6. Qxe4 Qd5 7. Qf4 Bf5 8. Bc4 Qe4+ 9. Qxe4 Bxe4 10. Bxf7+ Kd8 11. Ne5 Nd7 12. d4 Bxg2 13. Rg1 Be4 14. c3 g6 15. Bf4 Bg7 16. Bg3 Rf8 17. Be6 Nxe5 18. dxe5 Kc7 19. O-O-O Rad8 20. Bc4 Bh6+ 21. f4 Bxf4+ 22. Bxf4 Rxd1+ 23. Rxd1 Rxf4 24. e6 Kb6 25. Rd7 Bf5 26. Bb3 Rf1+ 27. Kd2 Rf2+ 28. Ke3 Rxh2 29. Rxe7 Rh3+ 30. Kf4 Rh4+ 31. Kg5 Rg4+ 32. Kf6 h5 33. Rg7 Rg2 34. e7 Re2 35. Rg8 Bd7 36. Rxg6 h4 37. Rh6 h3 38. Bf7 Rf2+ 39. Kg7 h2 40. e8=Q Rg2+ 41. Kf8 Bxe8 42. Kxe8 Rxb2 43. Bb3 1-0


[Site "https://www.chess.com"]

[Event "Titled Tuesday Blitz October 31 Late 2023"]
[White "Smirnov, Timofey"]
[Black "Desideri, Ricardo Maruchi"]
[WhiteFideId "24176427"]
[BlackFideId "2110440"]
[WhiteElo "2210"]
[BlackElo "1977"]
[Result "0-1"]
[Round "11"]
[TimeControl "180+1"]
[Date "2023.10.31"]
[WhiteClock "0:00:03"]
[BlackClock "0:01:06"]
[Board "98"]

1. d4 Nf6 2. Bf4 e6 3. e3 c5 4. c3 cxd4 5. exd4 b6 6. Qf3 Nc6 7. Bd3 Bb7 8. Ne2 Nb4 9. Qxb7 Nxd3+ 10. Kd2 Nxf2 11. Rf1 N2e4+ 12. Ke1 Be7 13. Nd2 Nxd2 14. Kxd2 O-O 15. Rae1 d6 16. Qf3 Nd5 17. Bg3 Bg5+ 18. Bf4 Nxf4 19. Nxf4 e5 20. dxe5 dxe5+ 21. Kc2 Bxf4 22. g3 Qd2+ 23. Kb1 Bh6 24. Rxe5 Rad8 25. Re2 Qd3+ 26. Qxd3 Rxd3 27. Kc2 Rd7 28. c4 Rfd8 29. Kb3 a6 30. a3 Rd3+ 31. Ka2 Rd2 32. Re4 g6 33. h4 Bg7 34. Rb1 Rg2 35. g4 h6 36. h5 Rdd2 37. Re8+ Kh7 38. Kb3 Rxb2+ 39. Rxb2 Rxb2+ 40. Ka4 b5+ 41. cxb5 axb5+ 42. Ka5 Bc3+ 43. Kb6 Kg7 44. hxg6 fxg6 45. Re7+ Kf6 46. Re3 Bd4+ 47. Kc6 Bxe3 0-1


[Site "https://www.chess.com"]

[Event "Titled Tuesday Blitz October 31 Late 2023"]
[White "Oliveira, Tiago Batista"]
[Black "SlippperyWhenWet"]
[WhiteFideId "2108291"]
[WhiteElo "2057"]
[BlackElo "2297"]
[Result "0-1"]
[Round "11"]
[TimeControl "180+1"]
[Date "2023.10.31"]
[WhiteClock "0:00:00"]
[BlackClock "0:01:53"]
[Board "99"]

1. d4 g6 2. c4 Bh6 3. Bxh6 Nxh6 4. Nc3 Nc6 5. e4 e5 6. dxe5 Qe7 7. Nf3 Ng4 8. Nd5 Qd8 9. Qd2 Ngxe5 10. Nxe5 Nxe5 11. Qf4 d6 12. Nf6+ Kf8 13. Qh6+ Ke7 14. Nd5+ Ke8 15. Qg7 Rf8 16. Nf6+ Ke7 17. O-O-O Be6 18. b3 b5 19. f4 Nc6 20. Nd5+ Bxd5 21. exd5 Nb4 22. Re1+ Kd7 23. Qxh7 Qf6 24. Qh3+ Kd8 0-1


[Site "https://www.chess.com"]

[Event "Titled Tuesday Blitz October 31 Late 2023"]
[White "Balla, Tamas-Kristof"]
[Black "Petersson, Kjell"]
[WhiteFideId "1208497"]
[BlackFideId "1705148"]
[WhiteElo "2306"]
[BlackElo "2140"]
[Result "0-1"]
[Round "11"]
[TimeControl "180+1"]
[Date "2023.10.31"]
[WhiteClock "0:00:48"]
[BlackClock "0:00:28"]
[Board "100"]

1. e4 c5 2. c3 d5 3. exd5 Qxd5 4. d4 Nc6 5. Nf3 cxd4 6. cxd4 e5 7. Nc3 Bb4 8. Bd2 Bxc3 9. Bxc3 e4 10. Ne5 Nxe5 11. dxe5 Ne7 12. Qc2 O-O 13. Be2 e3 14. Bf3 exf2+ 15. Qxf2 Qb5 16. Be2 Qc6 17. O-O Be6 18. a3 Nd5 19. Rac1 Nxc3 20. Rxc3 Qe4 21. Re3 Qd4 22. Bd3 Rad8 23. Bb1 h6 24. Kh1 Rfe8 25. Qe2 Bc4 26. Qc2 Bxf1 27. Qh7+ Kf8 28. Rf3 Bxg2+ 29. Kxg2 Qg4+ 30. Rg3 Rd2+ 31. Kh1 Qd1+ 32. Rg1 Qf3+ 0-1


[Site "https://www.chess.com"]

[Event "Titled Tuesday Blitz October 31 Late 2023"]
[White "ChessDojo"]
[Black "Vila Dupla, Aurelio"]
[BlackFideId "2203383"]
[WhiteElo "2113"]
[BlackElo "2220"]
[Result "0-1"]
[Round "11"]
[TimeControl "180+1"]
[Date "2023.10.31"]
[WhiteClock "0:00:30"]
[BlackClock "0:00:23"]
[Board "101"]

1. c4 Nf6 2. Nc3 d5 3. cxd5 Nxd5 4. Nf3 Nc6 5. g3 e5 6. Bg2 Nb6 7. O-O Be7 8. d3 O-O 9. Bd2 Be6 10. a3 f6 11. Rc1 Nd5 12. Qb3 Rb8 13. Nxe5 Nf4 14. Nxc6 bxc6 15. Qa4 Nxg2 16. Kxg2 Rxb2 17. Be3 Qd7 18. Qxa7 Bh3+ 19. Kg1 Bxf1 20. Kxf1 Rb3 21. Qa6 Rxa3 22. Qc4+ Kh8 23. Ne4 Rfa8 24. Qxc6 Qh3+ 25. Kg1 Ra1 26. Qc3 Rxc1+ 27. Bxc1 Bd6 28. Bb2 Qe6 29. Kg2 h6 30. Nxd6 cxd6 31. e3 Rb8 32. Ba3 Rb3 33. Qa5 Rxd3 34. Qa8+ Kh7 35. Bb2 Qd5+ 36. Qxd5 Rxd5 37. Bd4 f5 38. h4 g6 39. Kf3 g5 40. hxg5 hxg5 41. Ke2 g4 42. Kd3 Kg6 43. Kc4 Ra5 44. Kd3 Ra2 45. e4 Ra3+ 46. Ke2 fxe4 47. Be3 Kf5 48. Bd4 d5 49. Bc5 Ra4 50. Ke3 Rc4 51. Bd4 Rxd4 52. Kxd4 Ke6 53. Kc5 Ke5 54. Kb4 Kd4 0-1


[Site "https://www.chess.com"]